 Dungeon Crawl Stone Soup version 0.27-a0-1140-g099f9bb0e8 (webtiles) character file.

Game seed: 13543703889603049891

46 HoaS the Bolt Thrower (level 3, 0/21 HPs)
             Began as a Gargoyle Hunter on May 9, 2021.
             Slain by an adder (2 damage)
             ... on level 2 of the Dungeon.
             The game lasted 00:02:26 (1734 turns).

HoaS the Bolt Thrower (Gargoyle Hunter)             Turns: 1734, Time: 00:02:26

Health: 0/21       AC:  6    Str: 16    XL:     3   Next: 66%
Magic:  3/3        EV: 11    Int: 11    God:
Gold:   12         SH:  0    Dex: 10    Spells: 2/2 levels left

rFire    . . .     SeeInvis .   b - +0 short sword
rCold    . . .     Faith    .   (no shield)
rNeg     + . .     Spirit   .   c - +0 leather armour
rPois    ∞         Reflect  .   (no helmet)
rElec    +         Harm     .   (no cloak)
rCorr    .         Rampage  .   (no gloves)
Will     .....                  (no boots)
Stlth    ++........             (no amulet)
HPRegen  0.07/turn              (no ring)
MPRegen  0.08/turn              (no ring)

@: no status effects
A: sickness immunity, AC +3, negative energy resistance 1, electricity
resistance, torment resistance 1, unbreathing 1, petrification resistance
a: no special abilities


You were on level 2 of the Dungeon.
You visited 1 branch of the dungeon, and saw 2 of its levels.

You collected 12 gold pieces.

Inventory:

Hand Weapons
 a - a +1 hand crossbow
 b - a +0 short sword (weapon)
Missiles
 d - 20 bolts
Armour
 c - a +0 leather armour (worn)
Potions
 e - a potion of cancellation
 h - a potion of flight


   Skills:
 - Level 2.1 Fighting
 + Level 4.6 Crossbows
 - Level 1.5 Dodging
 + Level 3.0 Stealth


You had 2 spell levels left.
You didn't know any spells.
Your spell library was empty.

Dungeon Overview and Level Annotations

Branches:
Dungeon (2/15)

Altars:


Innate Abilities, Weirdness & Mutations

You are immune to sickness and miasma.
Your stone body is resilient. (AC +3)
You are immune to poison.
You resist negative energy. (rN+)
You are resistant to electric shocks. (rElec)
You are resistant to unholy torment.
You can survive without breathing.
You are immune to petrification.


Message History

The adder closely misses you.
You closely miss the adder. The adder closely misses you.
The adder bites you but does no damage.
You closely miss the adder. The adder barely misses you.
The kobold barely misses you. The kobold hits you with a +0 dagger.
The adder misses you.
You see here 11 gold pieces.
You see here a worm corpse.
The adder barely misses you.
You closely miss the adder. The adder barely misses you.
You hit the adder.
The adder is heavily wounded.
The adder bites you but does no damage.
You hit the adder.
The adder is heavily wounded.
The adder misses you. The adder closely misses you.
You barely miss the adder.
The adder is heavily wounded.
The adder bites you.
* * * LOW HITPOINT WARNING * * *
You hit the adder.
The adder is almost dead.
The adder bites you but does no damage. The adder closely misses you.
You hit the adder.
The adder is almost dead.
The adder barely misses you.
You hit the adder but do no damage.
The adder is almost dead.
The adder completely misses you. The adder bites you.
* * * LOW HITPOINT WARNING * * *
You hit the adder.
You kill the adder!
The adder bites you but does no damage.
Your Stealth skill increases to level 3!
You miss the adder. The adder bites you but does no damage.
You hit the adder.
The adder is lightly wounded.
The adder bites you.
You die...

.. #######.######
#............
#..........#
#...$......#..
#.............
#..K....(..#
#########$#####.....
#.....@SK.# .#.
#.######### #.# ####
#.# ####..# #.#
#.....# #.####.....#
#..........#
#####......#
#......#


You could see an adder and a kobold.

Vanquished Creatures
  An adder (D:2)
  A worm (D:2)
  A dart slug (D:1)
  4 ball pythons (D:1)
  2 endoplasms (D:1)
  A giant cockroach (D:1)
  5 goblins (D:1)
  A hobgoblin (D:1)
  2 kobolds (D:1)
  2 quokkas (D:1)
  3 bats (D:1)
  5 frilled lizards (D:1)
  2 rats (D:1)
30 creatures vanquished.

Notes
Turn   | Place    | Note
-------+----------+-------------------------------------------
     0 | D:1      | HoaS the Gargoyle Hunter began the quest for the Orb.
     0 | D:1      | Reached XP level 1. HP: 12/12 MP: 1/1
   233 | D:1      | Reached XP level 2. HP: 17/17 MP: 2/2
  1038 | D:1      | Reached XP level 3. HP: 14/21 MP: 3/3
  1731 | D:2      | HP: 1/21 [adder (3)]
  1734 | D:2      | Slain by an adder

Illustrated notes

Levels and vault maps discovered:
D:1:      roderic_dead_forest, layout_basic
D:2:      layout_basic, basic_altar, kennysheep_potato

Skill      XL: |  1  2  3 |
---------------+----------+-----
Stealth        | 2 3 |  3.0
Fighting       | |  2.1
Crossbows      | |  4.6
Dodging        | |  1.5

Action                   || total
-------------------------++-------
Melee: Short sword       ||   145
  Use: Scroll            ||     3
 Stab: Sleeping          ||     3
Armor: Leather armour    ||    70
Dodge: Dodged            ||    83

Table legend: (Time is in decaauts)
 A = Elapsed time spent in this place.
 B = Non-inter-level travel time spent in this place.
 C = Inter-level travel time spent in this place.
 D = Time resting spent in this place.
 E = Time spent auto-exploring this place.
 F = Levels seen in this place.
 G = Mean time per level.
                   A        B        C        D        E       F      G
               +--------+--------+--------+--------+--------+-----+--------+
         Total |   1749 |   1743 |      6 |    776 |    651 |   2 |  874.5 |
       Dungeon |   1749 |   1743 |      6 |    776 |    651 |   2 |  874.5 |
               +--------+--------+--------+--------+--------+-----+--------+

Top non-repeatable levels by time:
     D:1: 1639 daAuts
     D:2: 110 daAuts
